 Dungeon Crawl Stone Soup version 0.31-a0-200-gbc41564c69 (webtiles) character file.

Game seed: 14106944621900933292

142 qw the Skirmisher (level 5, 0/29 HPs)
             Began as a Deep Elf Hunter on June 25, 2023.
             Slain by Grinder (2 damage)
             ... while paralysed by Grinder
             ... on level 4 of the Dungeon.
             The game lasted 00:01:03 (2255 turns).

qw the Skirmisher (Deep Elf Hunter)                 Turns: 2255, Time: 00:01:04

Health: 0/29       AC:  3    Str: 10    XL:     5   Next: 4%
Magic:  7/7        EV:  2    Int: 14    God:
Gold:   177        SH:  0    Dex: 18    Spells: 4/4 levels left

rFire   . . .        Y - +0 shortbow
rCold   . . .        (shield currently unavailable)
rNeg    . . .        c - +0 leather armour
rPois   .            (no helmet)
rElec   .            (no cloak)
rCorr   .            (no gloves)
SInv    .            (no boots)
Will    .....        j - amulet of faith
Stlth   ++           (no ring)
HPRegen 0.24/turn    (no ring)
MPRegen 0.10/turn

%: faith
@: paralysed
A: no striking features
a: no special abilities


You were on level 4 of the Dungeon.
You visited 1 branch of the dungeon, and saw 4 of its levels.

You collected 177 gold pieces.


   Skills:
 - Level 1.5 Fighting
 + Level 8.4 Ranged Weapons
 - Level 2.4 Dodging
 - Level 1.2 Stealth


You had 4 spell levels left.
You didn't know any spells.
Your spell library was empty.

Inventory:

Hand Weapons
 Y - a +0 shortbow (weapon)
Armour
 c - a +0 leather armour (worn)
Jewellery
 j - an amulet of faith (around neck)
Scrolls
 a - a scroll of identify
 b - a scroll of immolation {unknown}
 g - 2 scrolls of teleportation
Potions
 d - 2 potions of haste
 f - a potion of curing {unknown}
 h - a potion of berserk rage {unknown}
 k - a potion of might
 l - a potion of degeneration {unknown}
 m - a potion of enlightenment {unknown}

Dungeon Overview and Level Annotations

Branches:
Dungeon (4/15)
 Temple: D:4-7

Altars:
Elyvilon

Annotations:
D:4 Grinder


Message History

You struggle to resist.
Grinder gestures at you. You resist with significant effort.
You shoot an arrow. The arrow hits Grinder.
Grinder is heavily wounded.
Grinder misses you.
You shoot an arrow. The arrow hits Grinder.
Grinder is heavily wounded.
Grinder closely misses you. Grinder gestures at you.
You resist with significant effort.
You shoot an arrow. The arrow closely misses Grinder.
Grinder blinks!
You shoot an arrow.
The arrow hits Grinder but does no damage.
Grinder is heavily wounded.
You shoot an arrow. The arrow hits Grinder.
Grinder is severely wounded.
You shoot an arrow. The arrow hits Grinder!
Grinder is almost dead.
Grinder gestures at you.
You struggle to resist.
You shoot an arrow. The arrow closely misses Grinder.
Grinder barely misses you.
You shoot an arrow. The arrow closely misses Grinder.
Grinder barely misses you. Grinder gestures at you.
Pain shoots through your body!
You shoot an arrow.
The arrow hits Grinder but does no damage.
Grinder is almost dead.
Grinder hits you.
You writhe in agony.
You shoot an arrow. The arrow closely misses Grinder.
Grinder hits you!
You writhe in agony.
Grinder gestures at you.
You suddenly lose the ability to move!
Grinder gestures at you.
You struggle to resist.
Grinder hits you.
You die...

#........>...#
#.#########(.## #.#
#.......#
#.#####.###...##
#.......# #.....
#.##########..## #####
##.##..........# ...#
#####...#.#######..#
###.###.####...@.....#
#####..##
..............##5..###
#........
##.####.###.#.##...##
#.###.... #<#
#.#.#.....####.# #..##
#.# #..............#
#.... #.#
###.#.....###### #.##.
..# #.##....# #.# .
#.# #.###.#.# #.# .##
#.# #.#.# #.#


You could see Grinder (fast).

Vanquished Creatures
  Jessica (D:2)
  2 adders (D:2)
  3 worms
  4 dart slugs
  2 orcs (D:3)
  5 bats
  4 endoplasms
  18 giant cockroaches
  4 goblins
  5 hobgoblins
  A quokka (D:2)
  8 ball pythons
  3 frilled lizards
  8 kobolds
  6 rats
74 creatures vanquished.

Notes
Turn   | Place    | Note
-------+----------+-------------------------------------------
     0 | D:1      | qw the Deep Elf Hunter began the quest for the Orb.
     0 | D:1      | Reached XP level 1. HP: 12/12 MP: 3/3
     0 | D:1      | 0 ||| qw: Version: 0.3-a-22-g0ed2b0b
     0 | D:1      | 0 ||| qw: Game counter: 5660
     0 | D:1      | 0 ||| qw: Melee chars always use a shield: true
     0 | D:1      | 0 ||| qw: God list: Okawaru
     0 | D:1      | 0 ||| qw: Allow faded altars: false
     0 | D:1      | 0 ||| qw: Do Orc after clearing Dungeon:15 true
     0 | D:1      | 0 ||| qw: Do second Lair branch before Depths: true
     0 | D:1      | 0 ||| qw: Lair rune preference: random
     0 | D:1      | 0 ||| qw: Goals: Normal
     0 | D:1      | 0 ||| PLANNING D:1-11
   158 | D:1      | Reached skill level 6 in Ranged Weapons
   158 | D:1      | Reached XP level 2. HP: 16/16 MP: 4/4
   505 | D:1      | 505 ||| FLEEEEING.
   506 | D:1      | 506 ||| FLEEEEING.
   507 | D:1      | 507 ||| FLEEEEING.
   508 | D:1      | 508 ||| FLEEEEING.
   509 | D:1      | 509 ||| FLEEEEING.
   510 | D:1      | 510 ||| FLEEEEING.
   511 | D:1      | 511 ||| FLEEEEING.
   516 | D:1      | 516 ||| FLEEEEING.
   517 | D:1      | 517 ||| FLEEEEING.
   518 | D:1      | 518 ||| FLEEEEING.
   664 | D:1      | 664 ||| UPGRADING to amulet of faith.
   669 | D:1      | 669 ||| READING 2 scrolls labelled GYZYUHIONE.
   670 | D:1      | 670 ||| READING scroll labelled XOKIASINWU.
   673 | D:1      | 673 ||| DROPPING scroll of butterflies.
   697 | D:2      | Reached XP level 3. HP: 20/20 MP: 5/5
   751 | D:2      | Reached skill level 7 in Ranged Weapons
   893 | D:2      | Noticed Jessica
   898 | D:2      | Killed Jessica
   899 | D:2      | Reached XP level 4. HP: 25/25 MP: 6/6
   899 | D:2      | 899 ||| FLEEEEING.
   900 | D:2      | 900 ||| FLEEEEING.
   901 | D:2      | 901 ||| FLEEEEING.
   902 | D:2      | 902 ||| STAIRDANCE
   904 | D:2      | 904 ||| STAIRDANCE
   906 | D:1      | 906 ||| DROPPING ring of flight.
   907 | D:1      | 907 ||| DRINKING 2 fuming yellow potions.
   910 | D:2      | 910 ||| STAIRDANCE
   915 | D:1      | HP: 3/25 [worm (11)]
   916 | D:1      | 916 ||| DRINKING potion of heal wounds.
  1279 | D:2      | 1279 ||| READING scroll labelled WICVIE YXEA.
  1280 | D:2      | 1280 ||| DRINKING 3 pink potions.
  1282 | D:2      | 1282 ||| Stepping ~*~*~tactically~*~*~ (cloud).
  1392 | D:3      | Found a white marble altar of Elyvilon.
  1447 | D:3      | Reached skill level 8 in Ranged Weapons
  1626 | D:3      | 1626 ||| FLEEEEING.
  1627 | D:3      | 1627 ||| FLEEEEING.
  1628 | D:3      | 1628 ||| FLEEEEING.
  1906 | D:3      | Reached XP level 5. HP: 29/29 MP: 7/7
  2076 | D:3      | 2076 ||| READING scroll labelled WEOMMO DOSHRAL.
  2077 | D:3      | 2077 ||| DRINKING 2 fuming purple potions.
  2078 | D:3      | 2078 ||| READING 3 scrolls of identify.
  2078 | D:3      | 2078 ||| IDENTIFYING puce potion
  2079 | D:3      | 2079 ||| READING 2 scrolls of identify.
  2079 | D:3      | 2079 ||| IDENTIFYING brown potion
  2080 | D:3      | 2080 ||| DROPPING potion of lignification.
  2081 | D:3      | 2081 ||| DROPPING potion of brilliance.
  2224 | D:4      | Noticed Grinder
  2225 | D:4      | 2225 ||| FLEEEEING.
  2226 | D:4      | 2226 ||| FLEEEEING.
  2227 | D:4      | 2227 ||| FLEEEEING.
  2228 | D:4      | 2228 ||| FLEEEEING.
  2229 | D:4      | 2229 ||| FLEEEEING.
  2230 | D:4      | 2230 ||| FLEEEEING.
  2231 | D:4      | 2231 ||| FLEEEEING.
  2232 | D:4      | 2232 ||| FLEEEEING.
  2253 | D:4      | HP: 4/29 [Grinder (9)]
  2253 | D:4      | Paralysed by Grinder for 5 turns
  2255 | D:4      | Slain by Grinder

Levels and vault maps discovered:
D:1:      elethiomel_arrival_quiet, layout_basic, chequers_serial_rivers_micro_a
D:2:      layout_rooms, chequers_serial_rivers_small_a, serial_park_tiny_1,
          uniq_jessica
D:3:      minmay_roachtagon, layout_loops_ring, old_standard_altar
D:4:      layout_loops_ring, minmay_temple_entry_enclosed_plants, uniq_natasha,
          uniq_grinder

Skill      XL: |  1  2  3  4 |
---------------+-------------+-----
Ranged Weapons | 6 7 8 |  8.4
Fighting       | |  1.5
Dodging        | |  2.4
Stealth        | |  1.2

Action                     |  1- 3 |  4- 6 || total
---------------------------+-------+-------++-------
   Fire: Shortbow          |    80 |   148 ||   228
    Use: Scroll            |     2 |     4 ||     6
         Potion            |       |     4 ||     4
 Armour: Leather armour    |     2 |     6 ||     8
  Dodge: Dodged            |    15 |    30 ||    45

Table legend:
 A = Non-vault XP
 B = Vault XP
 C = Vault XP percentage of total XP
 D = Non-vault monster count
 E = Vault monster count
 F = Vault count percentage of total count
                 A         B        C        D         E       F
            +---------+---------+-------+---------+---------+-------
      Total |     143 |      61 |  29.9 |      61 |      13 |  17.6
            +---------+---------+-------+---------+---------+-------
        D:1 |      37 |       0 |   0.0 |      21 |       0 |   0.0
        D:2 |      70 |      37 |  34.6 |      22 |       1 |   4.3
        D:3 |      32 |      24 |  42.9 |      16 |      12 |  42.9
        D:4 |       4 |       0 |   0.0 |       2 |       0 |   0.0
            +---------+---------+-------+---------+---------+-------
